AoeStats
← 玩印度的哥们硬不起来

Arena

509126618Analyzed
4v4 RM · 7d ago on Sep 25, 2026· 49m 33s· 8 players
Game mode
Random Map
Map size
Large (8 player)
Population
200
Speed
Normal
Resources
Standard
Victory
Conquest
Starting age
Dark Age
Ending age
Imperial Age
RankedLock teamsTeams togetherTeam positionsShared explorationLock speedFull tech treeHidden civsTurbo modeCheats
Victory
Defeat
🇨🇳 Varangians · China
1573
+12
🇦🇷 Celts · Argentina
1556
+13
🇪🇨 Saxons · Ecuador
1453
+17
1443
+19
1527
-17
1491
-15
🇨🇳 Saxons · China
1478
-15
🇺🇸 Slavs · United States
1457
-14
丙酮酸嗦话梅
9:47 Feudal Age
13:42 Castle Age
12:32 Double-Bit Axe
12:29 Horse Collar
14:54 Bow Saw
20:19 Wheelbarrow
21:09 Loom
22:11 Town Watch
31:01 Sanctity
34:03 Hand Cart
33:59 Gold Mining
34:26 Stone Mining
42:25 Redemption
45:31 Gold Shaft Mining
45:43 Heavy Plow
49:13 Imperial Age
47:49 Squires
47:50 Scale Mail Armor
48:01 Forging
48:11 Fletching
AML4554
9:59 Feudal Age
14:47 Castle Age
12:41 Horse Collar
13:17 Double-Bit Axe
17:26 Bow Saw
18:56 Heavy Plow
21:41 Wheelbarrow
22:50 Hand Cart
24:54 Sanctity
26:17 Loom
28:37 Gold Mining
28:57 Detinets
29:06 Scale Barding Armor
29:12 Forging
30:22 Coinage
32:29 Imperial Age
30:00 Stone Mining
30:39 Chain Barding Armor
30:21 Husbandry
30:56 Bloodlines
31:56 Iron Casting
32:37 Elite Boyar
34:03 Plate Barding Armor
34:29 Conscription
35:19 Blast Furnace
36:41 Hoardings
36:22 Masonry
36:50 Banking
37:11 Man-at-Arms
37:52 Squires
38:16 Scale Mail Armor
38:23 Druzhina
38:14 Long Swordsman
39:52 Chain Mail Armor
39:55 Caravan
39:34 Two-Handed Swordsman
39:52 Pikeman
41:05 Champion
42:43 Plate Mail Armor
43:06 Fletching
44:18 Gold Shaft Mining
45:54 Crop Rotation
45:31 Halberdier
我放了个屁她顺风追了
10:21 Feudal Age
12:23 Loom
14:42 Castle Age
13:06 Double-Bit Axe
13:11 Horse Collar
13:31 Loom
17:15 Scale Mail Armor
21:02 Loom
22:05 Chain Mail Armor
22:52 Forging
24:15 Wheelbarrow
29:53 Imperial Age
28:24 Bow Saw
28:30 Heavy Plow
31:26 Conscription
31:01 Fletching
33:06 Fortified Wall
33:13 Yasama
34:40 Chemistry
33:47 Bodkin Arrow
35:05 Guard Tower
35:02 Arrowslits
34:59 Treadmill Crane
37:06 Ballistics
36:37 Guard Tower
36:58 Masonry
36:59 Gold Mining
37:00 Stone Mining
38:02 Thumb Ring
39:00 Bracer
40:55 Keep
42:41 Murder Holes
42:13 Heavy Cavalry Archer
43:02 Pikeman
43:43 Squires
44:42 Parthian Tactics
44:21 Padded Archer Armor
44:35 Bloodlines
44:25 Husbandry
45:23 Leather Archer Armor
45:44 Iron Casting
46:10 Hand Cart
45:40 Town Watch
46:07 Halberdier
48:40 Plate Mail Armor
微变等效电路法
9:38 Feudal Age
13:48 Castle Age
14:54 Double-Bit Axe
18:38 Horse Collar
20:50 Loom
21:13 Scale Barding Armor
21:56 Gold Mining
22:19 Bow Saw
22:36 Bloodlines
25:22 Wheelbarrow
25:20 Forging
26:38 Stone Mining
27:25 Gold Shaft Mining
27:37 Hand Cart
31:43 Imperial Age
30:06 Stone Shaft Mining
29:54 Chain Barding Armor
29:24 Light Cavalry
31:54 Iron Casting
31:22 Heavy Plow
32:05 Husbandry
31:57 Heavy Camel Rider
33:14 Plate Barding Armor
34:17 Blast Furnace
33:51 Masonry
33:58 Imperial Camel Rider
40:09 Hussar
44:09 Chemistry
43:44 Conscription
47:45 Padded Archer Armor
48:20 Caravan
[QHB] Tony
9:55 Feudal Age
13:36 Castle Age
11:53 Double-Bit Axe
12:15 Horse Collar
14:51 Bow Saw
21:26 Wheelbarrow
21:12 Loom
23:36 Heavy Plow
24:02 Loom
28:22 Imperial Age
26:27 Scale Barding Armor
26:32 Forging
27:10 Bloodlines
27:00 Husbandry
28:06 Vendel Legacy
29:42 Chain Barding Armor
29:03 Cavalier
29:44 Gold Mining
29:45 Stone Mining
31:23 Plate Barding Armor
31:23 Iron Casting
30:42 Town Watch
30:19 Capped Ram
32:24 Iron Casting
31:50 Siege Ram
36:19 Blast Furnace
35:44 Squires
36:04 Pikeman
37:42 Halberdier
39:26 Scale Mail Armor
39:17 Fletching
39:27 Padded Archer Armor
43:03 Elite Varangian Guard
44:32 Chain Mail Armor
44:34 Leather Archer Armor
44:15 Bodkin Arrow
44:54 Gambesons
44:55 Arson
46:06 Plate Mail Armor
47:17 Light Cavalry
[QHB]Hammer warriors
10:54 Feudal Age
11:34 Double-Bit Axe
12:18 Horse Collar
15:43 Castle Age
16:50 Bow Saw
25:24 Heavy Plow
30:13 Wheelbarrow
34:49 Imperial Age
32:48 Scale Mail Armor
32:58 Forging
33:19 Gold Mining
34:20 Chain Mail Armor
33:31 Pikeman
33:57 Arson
35:14 Hand Cart
35:07 Halberdier
38:39 Plate Mail Armor
38:46 Iron Casting
42:01 Capped Ram
44:37 Blast Furnace
44:50 Siege Ram
47:45 Loom
48:39 Gold Shaft Mining
玩印度的哥们硬不起来
6:22 Loom
11:41 Feudal Age
14:59 Castle Age
13:29 Double-Bit Axe
13:49 Horse Collar
15:34 Bloodlines
19:06 Gold Mining
20:05 Scale Barding Armor
22:34 Chain Barding Armor
22:57 Husbandry
24:05 Forging
24:46 Bow Saw
27:46 Wheelbarrow
29:06 Heavy Plow
31:59 Gold Shaft Mining
31:16 Stone Mining
33:16 Stone Shaft Mining
32:58 Hand Cart
36:43 Imperial Age
36:15 Gold Shaft Mining
36:20 Iron Casting
38:01 Plate Barding Armor
38:49 Chemistry
37:57 Siege Engineers
38:56 Double Crossbow
38:51 Elite Ballista Elephant
40:36 Capped Ram
45:27 Masonry
45:58 Siege Ram
AdrianJPG
10:33 Feudal Age
14:29 Castle Age
12:19 Double-Bit Axe
12:21 Horse Collar
15:45 Bow Saw
15:36 Heavy Plow
23:03 Wheelbarrow
31:17 Fletching
34:02 Gold Mining
34:30 Scale Mail Armor
34:40 Forging
35:01 Hand Cart
34:33 Town Watch
34:35 Loom
38:18 Imperial Age
36:20 Squires
36:06 Arson
36:47 Chain Mail Armor
37:07 Iron Casting
37:23 Gambesons
38:56 Elite Varangian Guard
42:23 Plate Mail Armor
43:15 Stone Mining
44:03 Gold Shaft Mining
44:58 Chemistry
44:18 Ballistics
47:20 Shield Wall
Connection lost

Rejoining the realm…

Still unreachable

The connection could not be restored.

Session expired

The server has moved on; the page needs a fresh start.